 Dungeon Crawl Stone Soup version 0.31.0-32-g396128a36d (webtiles) character file.

Game seed: 560273950428038890

331 Peloso the Covered (level 6, -4/55 HPs)
             Began as a Minotaur Fighter on Mar 23, 2024.
             Was an Initiate of Okawaru.
             Killed by divine providence
             ... invoked by an orc priest
              (13 damage)
             ... on level 4 of the Dungeon.
             The game lasted 00:06:16 (3239 turns).

Peloso the Covered (Minotaur Fighter)               Turns: 3239, Time: 00:06:17

Health: -4/55      AC:  9    Str: 21    XL:     6   Next: 26%
Magic:  5/5        EV:  8    Int:  5    God:    Okawaru [......]
Gold:   247        SH:  5    Dex: 11    Spells: 5/5 levels left

rFire   . . .        a - +0 long sword
rCold   . . .        c - +0 buckler
rNeg    + . .        C - +0 chain mail
rPois   .            (helmet currently unavailable)
rElec   .            (cloak currently unavailable)
rCorr   .            (gloves currently unavailable)
SInv    +            t - melded +0 pair of boots
Will    .....        (no amulet) Stlth
                     h - ring of see invisible
HPRegen 0.29/turn    q - ring of positive energy
MPRegen 0.09/turn

%: no passive effects
@: beast-form
A: beast (slay +0), horns 2, retaliatory headbutt
a: Begin Untransformation, Renounce Religion


You were on level 4 of the Dungeon.
You worshipped Okawaru.
Okawaru was noncommittal.
You were a hulking beast.
You visited 2 branches of the dungeon, and saw 5 of its levels.

You collected 291 gold pieces.
You spent 44 gold pieces at shops.

Inventory:

Hand Weapons
 a - a +0 long sword (weapon)
Armour
 b - a +0 scale mail
 c - a +0 buckler (worn)
 t - a +0 pair of boots (melded)
 C - a +0 chain mail (worn)
Jewellery
 h - a ring of see invisible (left hand)
 m - an amulet of faith
 q - a ring of positive energy (right hand)
Talismans
 g - a storm talisman
 n - a flux talisman
 v - a beast talisman (active)
Wands
 x - a wand of mindburst (9)
Scrolls
 e - a scroll of enchant weapon {unknown}
 i - 2 scrolls of silence {unknown}
 k - a scroll of revelation {unknown}
 l - a scroll of vulnerability {unknown}
 p - a scroll of teleportation {unknown}
 y - a scroll of enchant armour {unknown}
 A - a scroll of fog {unknown}
 D - a scroll of identify
Potions
 d - 2 potions of might
 f - a potion of lignification {unknown}
 j - 2 potions of ambrosia
 o - 3 potions of heal wounds
 r - 2 potions of enlightenment
 s - a potion of haste {unknown}
 u - a potion of curing {unknown}
 w - 2 potions of invisibility {unknown}
 z - a potion of mutation {unknown}
 B - a potion of berserk rage {unknown}


   Skills:
 + Level 4.9 Fighting
 + Level 5.1 Long Blades
 + Level 5.2 Armour
 + Level 0.8 Dodging
 + Level 4.4 Shields
 + Level 1.0 Shapeshifting


You had 5 spell levels left.
You didn't know any spells.
Your spell library contained the following spells:

 Spells                   Type           Power      Damage    Failure   Level
 Sandblast                Erth           0%         2d4       99%         1
 Sting                    Conj/Alch      0%         1d3       99%         1
 Mercury Vapours          Alch/Air       0%         N/A       99%         2
 Passwall                 Erth           0%         N/A       100%        3
 Stone Arrow              Conj/Erth      0%         3d7       100%        3
 Brom's Barrelling Bould  Conj/Erth      0%         2d3       100%        4
 Olgreb's Toxic Radiance  Alch           0%         N/A       100%        4
 Passage of Golubria      Tloc           0%         N/A       100%        4
 Yara's Violent Unravell  Hex/Alch       0%         3d3       100%        5
 Tukima's Dance           Hex            Unusable   N/A       N/A         3

Dungeon Overview and Level Annotations

Branches:
Dungeon (4/15)             Temple (1/1) D:4

Altars:
Ashenzari
Cheibriados
Dithmenos
Elyvilon
Fedhas
Kikubaaqudgha
Makhleb
Okawaru
Qazlal
Ru
Trog
Vehumet
Wu Jian
Xom
Zin

Shops:
D:1 *   D:3 [!(


Innate Abilities, Weirdness & Mutations

You are a hulking beast.
Your limbs bulge with bestial killing power. (Slay +0)
You have a pair of horns on your head.
You reflexively headbutt those who attack you in melee.


Message History

The orc priest hits you with a +0 falchion.
An orc priest comes into view. It is wielding a +0 dagger.
The orc priest shouts!
You slash the orc priest!
The orc priest is heavily wounded.
The orc priest miscasts a cantrip.
The orc throws a boomerang.
The boomerang barely misses you.
You barely miss the orc priest.
The orc priest is heavily wounded.
An orc comes into view. It is wielding a +0 club.
Found a robe.
The orc priest hits you with a +0 whip.
The orc priest hits you with a +0 falchion.
Unknown command.
You barely miss the orc priest. You headbutt the orc priest.
The orc priest is almost dead.
The orc priest hits you but does no damage.
The orc priest mumbles some strange prayers to Beogh against you.
Pain shoots through your body!
Unknown command.
The orc priest calls upon Beogh to heal the orc priest.
The orc priest is healed somewhat.
You block the orc priest's attack.
You hear a shout!
Unknown command.
You barely miss the orc priest. You headbutt the orc priest!
You kill the orc priest!
Okawaru accepts your kill.
The orc priest invokes the aid of Beogh against you.
Beogh smites you!
The orc priest mumbles some strange prayers to Beogh against you.
Beogh smites you!
Your Shapeshifting skill increases to level 1!
The orc throws a boomerang.
The boomerang barely misses you.
The orc priest invokes the aid of Beogh against you.
Beogh smites you!
* * * LOW HITPOINT WARNING * * *
The orc throws a boomerang.
The boomerang barely misses you.
The orc priest casts a cantrip, but nothing happens.
The orc priest invokes the aid of Beogh against you.
Beogh smites you!
You die...

##.#.# # ....### #..
#....[
#....####..##########
#.......o..#........#
####.###........###.#
........o........#.#
###.###..oo......#.#
##.......h###.#
..........'...#
#########........###.#
...... #######.## #.#
...... #.# ### ######
#.# .....# #.# ~~~≈≈≈
#.# ~~≈~~~ #.#


You could see 2 orc priests and 2 orcs.

Vanquished Creatures
  A kobold brigand (D:4)
  A hound (D:4)
  A bombardier beetle (D:4)
  An orc priest (D:4)
  Jessica (D:3)
  A sleepcap (D:4)
  4 adders
  A gnoll (D:1)
  10 orcs
  3 ball pythons
  5 endoplasms
  5 giant cockroaches
  5 goblins
  4 hobgoblins
  5 jackals
  2 quokkas
  5 bats
  5 kobolds
  5 rats
65 creatures vanquished.

Notes
Turn   | Place    | Note
-------+----------+-------------------------------------------
     0 | D:1      | Peloso the Minotaur Fighter began the quest for the Orb.
     0 | D:1      | Reached XP level 1. HP: 19/19 MP: 0/0
   128 | D:1      | Reached XP level 2. HP: 26/27 MP: 1/1
   674 | D:1      | Found a faded altar of an unknown god.
   728 | D:1      | Reached XP level 3. HP: 32/34 MP: 2/2
   914 | D:1      | Found Cuofa's Assorted Antiques.
   918 | D:1      | Bought a scroll labelled DUEF DAISHRA for 22 gold pieces
   918 | D:1      | Bought a scroll labelled KURAUBL ONLULI for 22 gold pieces
  1961 | D:3      | Reached XP level 4. HP: 37/41 MP: 3/3
  2017 | D:3      | Found Eranepruycs's Armour Boutique.
  2033 | D:3      | Found Tiruow's Distillery.
  2072 | D:3      | Noticed Jessica
  2087 | D:3      | Killed Jessica
  2402 | D:3      | Found Muit's Weapon Boutique.
  2593 | D:4      | Found a stormy altar of Qazlal.
  2631 | D:4      | Reached XP level 5. HP: 47/47 MP: 4/4
  2818 | D:4      | Reached skill level 5 in Armour
  2859 | D:4      | Reached XP level 6. HP: 37/55 MP: 5/5
  2966 | D:4      | Reached skill level 5 in Long Blades
  3118 | D:4      | Found a staircase to the Ecumenical Temple.
  3123 | Temple   | Entered the Ecumenical Temple
  3146 | Temple   | Became a worshipper of Warmaster Okawaru
  3232 | D:4      | Reached skill level 1 in Shapeshifting
  3239 | D:4      | Killed from afar by an orc priest

Illustrated notes

Levels and vault maps discovered:
D:1:      sevenhm_arrival_forest_fort_large_2, layout_loops_ring,
          shapermc_ecumenical_altar_mp_ritualfount, serial_shops,
          nicolae_shop_back_alley_shop, minmay_misc_feat_diagonals,
          supply_closet_lemuel, patterned_corridor
D:2:      layout_rooms, kennysheep_cluttered_room,
          chequers_serial_rivers_small_3, serial_bayou_pond_d
D:3:      layout_loops_ring, serial_shops, shop,
          nicolae_shop_just_a_little_nook, nicolae_shop_tiny_statue_garden,
          uniq_jessica
D:4:      wad_river_or_something, layout_basic, mainiacjoe_overflow_alcove_1,
          chequers_temple_overflow_minitemple, minmay_temple_entry_offerings
Temple:   minmay_temple_curvy_branch

Skill      XL: |  1  2  3  4  5  6 |
---------------+-------------------+-----
Armour         | 4 5 |  5.2
Shields        | 4 |  4.4
Fighting       | 4 |  4.9
Long Blades    | 3 4 5 |  5.1
Shapeshifting  | 1 |  1.0
Dodging        | |  0.8

Action                     |  1- 3 |  4- 6 || total
---------------------------+-------+-------++-------
  Melee: Long sword        |    91 |    95 ||   186
         Headbutt          |    12 |    18 ||    30
    Use: Scroll            |     1 |     2 ||     3
 Armour: Scale mail        |    62 |    58 ||   120
         Chain mail        |       |     6 ||     6
  Dodge: Dodged            |    37 |    37 ||    74
  Block: Buckler           |    22 |    21 ||    43
         Form:             |     1 |       ||     1
         Storm             |     1 |       ||     1
         Beast             |     1 |       ||     1
